 Dungeon Crawl Stone Soup version 0.28.0-45-g0d030f2227 (webtiles) character file.

Game seed: 10958448278321261786

15332 protoss039 the Thaumaturge (level 12, -4/72 HPs)
             Began as a Gargoyle Earth Elementalist on Apr 29, 2022.
             Was an Elder of Vehumet.
             Shot with an arrow by a centaur warrior (20 damage)
             ... on level 12 of the Dungeon.
             The game lasted 00:35:52 (14919 turns).

protoss039 the Thaumaturge (GrEE)                  Turns: 14919, Time: 00:35:53

Health: -4/72      AC: 25    Str: 12    XL:     12   Next: 25%
Magic:  44/44      EV: 11    Int: 19    God:    Vehumet [****..]
Gold:   1743       SH: 10    Dex: 11    Spells: 2/31 levels left

rFire   . . .      SeeInvis +   C - +6 hand axe of Etuan {vorpal, rPois MP+9}
rCold   . . .      Faith    .   v - +0 buckler
rNeg    + + +      Spirit   .   D - +3 leather armour {Will+}
rPois   ∞          Reflect  +   (no helmet)
rElec   +          Harm     .   O - +2 ratskin cloak {*Rats rPois rN+ Str-1 Int-1 Dex+1}
rCorr   .          Rampage  +   l - +0 pair of gloves
Will    +....                   K - +0 pair of boots {rampage}
Stlth   ++........              x - amulet of reflection
HPRegen 0.22/turn               g - ring "Wyomn" {rN+ AC+4 SInv}
MPRegen 0.29/turn               A - ring of magical power

@: flying
A: sickness immunity, AC +8, negative energy resistance 1, electricity
resistance, torment resistance 1, petrification resistance
a: Renounce Religion


You were on level 12 of the Dungeon.
You worshipped Vehumet.
Vehumet was greatly pleased with you.
You visited 2 branches of the dungeon, and saw 13 of its levels.
You also visited: Bailey.

You collected 1873 gold pieces.
You spent 130 gold pieces at shops.

Inventory:

Hand Weapons
 C - the +6 hand axe of Etuan (weapon) {vorpal, rPois MP+9}
   (You found it on level 3 of the Dungeon)

   It inflicts extra damage upon your enemies.
   rPois:     It protects you from poison.
   MP:        It affects your magic capacity (+9).
 I - the +5 hunting sling of Propriety {vorpal, Will+ rCorr}
   (You found it on level 7 of the Dungeon)

   Any ammunition fired from it inflicts extra damage upon your enemies.
   rCorr:     It protects you from acid and corrosion.
   Will:      It increases your willpower.
Missiles
 c - 201 stones
 m - 4 throwing nets
Armour
 l - a +0 pair of gloves (worn)
 v - a +0 buckler (worn)
 D - a +3 leather armour of willpower (worn)
 K - a +0 pair of boots of rampaging (worn)
 O - the +2 ratskin cloak (worn) {*Rats rPois rN+ Str-1 Int-1 Dex+1}
   (You found it on level 11 of the Dungeon)

   When the wearer is hurt, rats may emerge from it to assist them.
   Str:       It affects your strength (-1).
   Int:       It affects your intelligence (-1).
   Dex:       It affects your dexterity (+1).
   rPois:     It protects you from poison.
   rN:        It protects you from negative energy.
Jewellery
 g - the ring "Wyomn" (left hand) {rN+ AC+4 SInv}
   (You acquired it in a bailey)

   [ring of protection]

   AC:        It affects your AC (+4).
   rN:        It protects you from negative energy.
   SInv:      It lets you see invisible.
 x - an amulet of reflection (around neck)
 A - a ring of magical power (right hand)
 J - a ring of ice
Wands
 q - a wand of polymorph (4)
 w - a wand of paralysis (10)
 N - a wand of acid (5)
Scrolls
 d - 2 scrolls of enchant weapon
 f - 3 scrolls of fog
 n - 2 scrolls of magic mapping
 r - 2 scrolls of enchant armour
 y - 3 scrolls of fear
 B - 2 scrolls of summoning {unknown}
 F - a scroll of teleportation {unknown}
 G - a scroll of blinking {unknown}
 H - a scroll of silence {unknown}
 M - a scroll of holy word {unknown}
 P - a scroll of identify
Potions
 a - 2 potions of attraction
 b - a potion of experience
 e - a potion of flight
 h - a potion of mutation {unknown}
 i - 2 potions of brilliance {unknown}
 j - 2 potions of resistance
 k - a potion of ambrosia {unknown}
 o - a potion of curing
 p - 3 potions of magic {unknown}
 s - 3 potions of heal wounds {unknown}
 t - 3 potions of lignification
 u - a potion of invisibility {unknown}
 z - a potion of cancellation {unknown}
 E - 4 potions of might {unknown}
Miscellaneous
 L - a box of beasts


   Skills:
 + Level 7.4 Fighting
 - Level 6.0 Armour
 - Level 2.0 Dodging
 - Level 3.0 Stealth
 - Level 6.0 Shields
 * Level 10.2 Spellcasting
 + Level 8.1 Conjurations
 * Level 3.1 Necromancy
 - Level 3.0 Transmutations
 + Level 9.9 Earth Magic
 - Level 3.0 Poison Magic


You had 2 spell levels left.
You knew the following spells:

 Your Spells              Type           Power      Damage    Failure   Level
a - Sandblast             Erth           94%        2d19      1%          1
b - Passwall              Tmut/Erth      28%        N/A       1%          2
c - Stone Arrow           Conj/Erth      88%        3d12      1%          3
d - Olgreb's Toxic Radia  Pois           21%        N/A       10%         4
g - Mephitic Cloud        Conj/Pois/Air  23%        N/A       2%          3
h - Freezing Cloud        Conj/Ice/Air   10%        6-21      26%         5
i - Borgnjor's Vile Clut  Necr/Erth      17%        N/A       22%         5
j - Iron Shot             Conj/Erth      22%        9d5       12%         6

Your spell library contained the following spells:

 Spells                   Type           Power      Damage    Failure   Level
 Dazzling Flash           Conj/Hex       50%        N/A       1%          3
 Foxfire                  Conj/Fire      100%       2x1d9     1%          1
 Magic Dart               Conj           100%       1d8       1%          1
 Poisonous Vapours        Pois/Air       30%        N/A       2%          2
 Animate Skeleton         Necr           42%        N/A       3%          1
 Pain                     Necr           84%        1d8       3%          1
 Sting                    Tmut/Pois      84%        1d7       3%          1
 Wereblood                Tmut           21%        N/A       5%          2
 Corpse Rot               Necr/Air       30%        N/A       10%         2
 Apportation              Tloc           18%        N/A       12%         1
 Summon Small Mammal      Summ           36%        N/A       12%         1
 Conjure Flame            Conj/Fire      25%        6-21      1%          3
 Ignite Poison            Fire/Tmut/Pois 17%        N/A       4%          3
 Flame Wave               Conj/Fire      25%        2d7       6%          4
 Petrify                  Tmut/Erth      34%        N/A       9%          4
 Inner Flame              Hex/Fire       9%         N/A       10%         3
 Vampiric Draining        Necr           21%        2d7       10%         3
 Conjure Ball Lightning   Conj/Air       12%        3x3d6     61%         6
 Alistair's Intoxication  Tmut/Pois      14%        N/A       67%         5
 Eringya's Noxious Bog    Tmut/Pois      10%        N/A       75%         6
 Summon Hydra             Summ           4%         N/A       100%        7
 Discord                  Hex            4%         N/A       100%        8
 Disjunction              Tloc           4%         N/A       100%        8
 Fire Storm               Conj/Fire      12%        8d3       100%        9
 Sublimation of Blood     Necr           Unusable   N/A       N/A         2

Dungeon Overview and Level Annotations

Branches:
Dungeon (12/15)            Temple (1/1) D:6            Lair (0/6) D:8
    Orc (0/2) D:10         Bailey (visited)

Altars:
Ashenzari
Cheibriados
Dithmenos
Elyvilon
Fedhas
Gozag
Hepliaklqana
Kikubaaqudgha
Makhleb
Nemelex Xobeh
Okawaru
Qazlal
Ru
Sif Muna
Trog
Uskayaw
Vehumet
Wu Jian
Xom
Yredelemnul
Zin
The Shining One

Shops:
D:1 *   D:4 ?   D:10 (

Annotations:
D:5 3 runed translucent doors, adperon's ghost, novice VSAK


Innate Abilities, Weirdness & Mutations

You are immune to sickness and miasma.
Your stone body is resilient. (AC +8)
You are immune to poison.
You resist negative energy. (rN+)
You are resistant to electric shocks. (rElec)
You are resistant to unholy torment.
You are immune to petrification.


Message History

Your river rat bites the centaur.
Unknown command.
Unknown command.
Unknown command.
Unknown command.
You feel very buoyant.
You fly up into the air.
The centaur warrior shoots an arrow.
The arrow hits your river rat!
Your river rat dies!
The centaur shoots an arrow.
You reflect the arrow off an invisible shield around you!
The arrow hits the centaur.
The centaur shoots an arrow.
You reflect the arrow off an invisible shield around you!
The arrow hits the centaur!
You kill the centaur!
Vehumet accepts your kill.
Vehumet is now extending the range of your destructive spells.
You feel your power returning.
The centaur warrior shoots an arrow.
The arrow hits you!
* * * LOW HITPOINT WARNING * * *
The centaur shoots an arrow.
The arrow hits you but does no damage.
The centaur wields a +0 shortbow.
The centaur shoots an arrow.
The arrow hits you but does no damage.
Unknown command.
Unknown command.
Unknown command.
Found a stone staircase leading down.
The centaur warrior shoots an arrow.
You reflect the arrow off an invisible shield around you!
The arrow completely misses the centaur warrior.
The centaur shoots an arrow.
You reflect the arrow off an invisible shield around you!
The arrow hits the centaur!
The centaur shoots an arrow.
The arrow hits you.
* * * LOW HITPOINT WARNING * * *
Unknown command.
Okay, then.
The centaur warrior shoots an arrow.
You reflect the arrow off an invisible shield around you!
The arrow hits the centaur warrior!
The centaur warrior shoots an arrow.
The arrow hits you!!
You die...

#......#
#.....>#
#......#
#......#####
#..........
#........#
#........#
#@...# ..
#....# ....
#..(.# ....
#....# ....
#....# ...
#....... #.
.)○○......
#.
##cc..##c..
#. #.°..#
... #.


You could see a centaur warrior and 2 centaurs.

Vanquished Creatures
  Harold (D:9)
  2 boulder beetles (D:10)
  A two-headed ogre (D:11)
  An orc high priest (Bailey)
  3 orc knights (Bailey)
  2 cyclopes
  A gargoyle (D:12)
  An unseen horror (D:10)
  A kobold demonologist (Bailey)
  A komodo dragon (D:8)
  A hornet (D:8)
  14 yaks
  A wyvern (D:8)
  A vampire (D:9)
  A steam dragon (D:10)
  3 vampire mosquitoes (D:11)
  2 acid dragons
  6 water moccasins
  An ice beast (D:7)
  15 orc warriors
  3 black bears
  3 sky beasts
  A necrophage (D:7)
  2 ogres
  5 centaurs
  4 kobold brigands
  5 bullfrogs
  2 scorpions
  A water moccasin zombie (D:6)
  2 wyvern skeletons
  A water moccasin skeleton (D:6)
  4 wights (D:8)
  3 electric eels (Bailey)
  5 howler monkeys
  3 centaur zombies
  A hound (D:6)
  A bullfrog skeleton (D:6)
  A gnoll shaman (D:10)
  Natasha (thrice) (D:2)
  Terence (D:1)
  3 iguanas
  2 killer bee zombies
  A hound skeleton (D:4)
  2 howler monkey zombies
  2 howler monkey skeletons
  13 gnolls
  8 adders
  A shadow imp (D:6)
  2 white imps
  An ufetubus (D:4)
  A worm (D:6)
  4 dart slugs
  22 orcs
  4 endoplasms
  3 giant cockroaches
  10 goblins
  4 hobgoblins
  4 jackals (D:2)
  6 quokkas
  9 ball pythons
  6 bats
  3 frilled lizards
  20 kobolds
  7 rats
248 creatures vanquished.

Vanquished Creatures (others)
  16 fungi (D:8)
  7 plants (D:8)
23 creatures vanquished.

Grand Total: 271 creatures vanquished

Notes
Turn   | Place    | Note
-------+----------+-------------------------------------------
     0 | D:1      | protoss039 the Gargoyle Earth Elementalist began the quest
                  | for the Orb.
     0 | D:1      | Reached XP level 1. HP: 10/10 MP: 3/3
   179 | D:1      | Found Ecui's General Store.
   357 | D:1      | Reached skill level 1 in Transmutations
   357 | D:1      | Reached XP level 2. HP: 13/15 MP: 5/5
  1070 | D:1      | Found a faded altar of an unknown god.
  1645 | D:2      | Reached XP level 3. HP: 19/19 MP: 6/6
  1648 | D:2      | Learned a level 2 spell: Passwall
  1652 | D:2      | Learned a level 3 spell: Stone Arrow
  2123 | D:2      | Noticed Terence
  2351 | D:2      | Reached XP level 4. HP: 24/24 MP: 7/7
  2364 | D:2      | Noticed Natasha
  2370 | D:2      | Killed Natasha
  2833 | D:1      | Killed Terence
  2834 | D:1      | Reached skill level 1 in Conjurations
  2834 | D:1      | Reached XP level 5. HP: 18/28 MP: 0/9
  2950 | D:2      | Noticed Natasha
  2962 | D:2      | Killed Natasha
  2963 | D:2      | Reached skill level 3 in Spellcasting
  3097 | D:2      | Noticed Natasha
  3103 | D:2      | Killed Natasha
  3458 | D:3      | You fall into a shaft and drop 3 floors!
  3581 | D:6      | Noticed a black bear
  3586 | D:6      | Killed a black bear
  3587 | D:6      | Reached XP level 6. HP: 22/32 MP: 3/11
  3608 | D:6      | Reached skill level 5 in Earth Magic
  3737 | D:6      | Reached skill level 4 in Spellcasting
  3784 | D:6      | Reached XP level 7. HP: 24/36 MP: 6/13
  4009 | D:6      | Reached skill level 1 in Fighting
  4397 | D:6      | Found a staircase to the Ecumenical Temple.
  4404 | Temple   | Entered the Ecumenical Temple
  4583 | Temple   | Became a worshipper of Vehumet
  4635 | D:6      | Reached skill level 5 in Spellcasting
  4849 | D:6      | Found a snail-covered altar of Cheibriados.
  4971 | D:6      | Reached XP level 8. HP: 44/44 MP: 11/15
  5137 | D:5      | Entered Level 5 of the Dungeon
  5311 | D:5      | Found a runed translucent gate.
  5311 | D:5      | Noticed a yak
  5312 | D:5      | Found a runed translucent gate.
  5312 | D:5      | Noticed adperon's ghost (novice VSAK)
  5313 | D:5      | Found a runed translucent gate.
  5990 | D:4      | Learned a level 4 spell: Olgreb's Toxic Radiance
  6037 | D:4      | Found Naosch Qatza's Magic Scroll Boutique.
  6144 | D:4      | Bought a scroll of identify for 20 gold pieces
  6144 | D:4      | Bought a scroll of identify for 20 gold pieces
  6144 | D:4      | Bought a scroll of identify for 20 gold pieces
  6144 | D:4      | Bought a scroll of fear for 35 gold pieces
  6144 | D:4      | Bought a scroll of magic mapping for 35 gold pieces
  7323 | D:3      | Identified the +6 hand axe of Etuan {vorpal, rPois MP+9}
  7964 | D:7      | Reached skill level 1 in Shields
  7964 | D:7      | Reached skill level 6 in Spellcasting
  8007 | D:7      | Found a flagged portal.
  8057 | Bailey   | Entered a bailey
  8065 | Bailey   | Reached skill level 1 in Armour
  8065 | Bailey   | Reached skill level 1 in Poison Magic
  8097 | Bailey   | Reached * piety under Vehumet
  8097 | Bailey   | Offered knowledge of Magic Dart by Vehumet.
  8098 | Bailey   | Reached XP level 9. HP: 32/51 MP: 10/18
  8561 | Bailey   | Noticed an orc knight
  8566 | Bailey   | Noticed a kobold demonologist
  8569 | Bailey   | Killed an orc knight
  8570 | Bailey   | Reached skill level 5 in Conjurations
  8572 | Bailey   | Noticed a red devil
  8574 | Bailey   | Noticed a sixfirhy
  8594 | Bailey   | Killed a kobold demonologist
  8595 | Bailey   | Reached skill level 7 in Spellcasting
  8762 | Bailey   | Noticed an orc knight
  8775 | Bailey   | Killed an orc knight
  9017 | Bailey   | Reached XP level 10. HP: 58/58 MP: 21/21
  9352 | Bailey   | Acquired the ring "Wyomn" {rN+ AC+4 SInv}
  9548 | Bailey   | Found an iron altar of Okawaru.
  9548 | Bailey   | Noticed an orc high priest
  9548 | Bailey   | Noticed an orc knight
  9560 | Bailey   | Noticed a rust devil
  9560 | Bailey   | Noticed an orange demon
  9564 | Bailey   | Killed an orc high priest
  9565 | Bailey   | Reached skill level 5 in Fighting
  9565 | Bailey   | Killed an orc knight
  9566 | Bailey   | Reached skill level 8 in Spellcasting
 10387 | D:7      | Identified the +5 hunting sling of Propriety {vorpal, Will+
                  | rCorr}
 10836 | D:7      | Learned a level 3 spell: Mephitic Cloud
 10842 | D:7      | Learned a level 5 spell: Freezing Cloud
 10852 | D:8      | Offered knowledge of Scorch by Vehumet.
 10970 | D:8      | Reached ** piety under Vehumet
 11130 | D:8      | Found a staircase to the Lair.
 11150 | D:8      | Reached skill level 5 in Armour
 11156 | D:8      | Reached XP level 11. HP: 64/64 MP: 22/23
 11166 | D:8      | Reached skill level 5 in Shields
 11346 | D:8      | Offered knowledge of Static Discharge by Vehumet.
 12189 | D:9      | Noticed Harold
 12198 | D:9      | Killed Harold
 12314 | D:9      | Reached skill level 9 in Spellcasting
 12396 | D:9      | Reached *** piety under Vehumet
 12412 | D:9      | Learned a level 5 spell: Borgnjor's Vile Clutch
 12938 | D:9      | Acquired 1118 gold pieces
 12949 | D:10     | Entered Level 10 of the Dungeon
 12991 | D:10     | Found a staircase to the Orcish Mines.
 13129 | D:10     | Found Pufudwak's Weapon Emporium.
 13182 | D:10     | Reached skill level 1 in Necromancy
 13344 | D:10     | Found a transporter.
 13347 | D:10     | Found a transporter.
 13347 | D:10     | Noticed a boulder beetle
 13378 | D:10     | Offered knowledge of Dazzling Flash by Vehumet.
 13410 | D:10     | Noticed a boulder beetle
 13423 | D:10     | Killed a boulder beetle
 13606 | D:10     | Got the Grimoire of Conjuration
 13700 | D:10     | Learned a level 6 spell: Iron Shot
 13835 | D:10     | Killed a boulder beetle
 13975 | D:11     | Found the +2 ratskin cloak {*Rats rPois rN+ Str-1 Int-1
                  | Dex+1}
 14054 | D:11     | Noticed a cyclops
 14061 | D:11     | Killed a cyclops
 14346 | D:11     | Noticed a two-headed ogre
 14353 | D:11     | Killed a two-headed ogre
 14354 | D:11     | Reached XP level 12. HP: 72/72 MP: 25/25
 14418 | D:11     | Reached skill level 10 in Spellcasting
 14914 | D:12     | Noticed a centaur warrior
 14917 | D:12     | Reached **** piety under Vehumet
 14919 | D:12     | Shot with an arrow by a centaur warrior

Illustrated notes

Levels and vault maps discovered:
D:1:      dpeg_arrival_ratfight, layout_loops_ring, serial_shops, shop,
          ebering_ecumenical_altar_mist
D:2:      minmay_door_path, layout_loops_ring, uniq_terence, uniq_natasha
D:3:      layout_basic, hangedman_decor_diamond_cutter
D:4:      layout_gridville, serial_shops, shop
D:5:      layout_rooms, gammafunk_ghost_split, corexii_item_surrounded_by_moat,
          serial_bayou_pond_d
D:6:      layout_loops_cross, cheibrodos_worm_habitat,
          minmay_temple_entry_slanted, st_stairs_13
D:7:      layout_basic, enter_bailey_2, chequers_mini_garden,
          grunt_decor_one_mirror
D:8:      layout_basic, due_lair_maze_entry_diamond, grunt_decor_arrowhead
D:9:      layout_roguey, nicolae_concentric_dashed_squares_wild, moated_statue,
          minmay_misc_feat_rows, uniq_harold
D:10:     gammafunk_boulding_lane, layout_rooms, orc_david_3,
          nzn_sisyphean_effort
D:11:     layout_stronghold
D:12:     minmay_thinvault, layout_small_grid
Temple:   minmay_crystal_snake_temple

Skill      XL: |  1  2  3  4  5  6  7  8  9 10 11 12 |
---------------+-------------------------------------+-----
Transmutations | 1 2 3 |  3.0
Earth Magic    | 4 5 6 7 8 9 |  9.9
Dodging        | 2 |  2.0
Stealth        | 3 |  3.0
Conjurations   | 1 2 3 4 5 6 7 8 |  8.1
Spellcasting   | 3 4 5 6 7 8 9 10 | 10.2
Fighting       | 1 3 4 5 7 |  7.4
Shields        | 1 3 4 6 |  6.0
Armour         | 1 3 5 6 |  6.0
Poison Magic   | 1 3 |  3.0
Necromancy     | 2 3 |  3.1

Action                   |  1- 3 |  4- 6 |  7- 9 | 10-12 || total
-------------------------+-------+-------+-------+-------++-------
Melee: Dagger            |   135 |    69 |     6 |       ||   210
       Unarmed           |     3 |       |       |       ||     3
       Punch             |     1 |     1 |       |       ||     2
       Hand axe          |       |       |     6 |   104 ||   110
 Cast: Sandblast         |    20 |    30 |    28 |    24 ||   102
       Stone Arrow       |       |     4 |   111 |   141 ||   256
       Olgreb's Toxic Ra |       |       |       |    22 ||    22
       Mephitic Cloud    |       |       |       |    13 ||    13
       Borgnjor's Vile C |       |       |       |     2 ||     2
  Use: Scroll            |       |     4 |     7 |     3 ||    14
       Potion            |       |       |     2 |     1 ||     3
 Stab: Sleeping          |     5 |     4 |       |       ||     9
       Confused          |       |       |       |     1 ||     1
Armor: Robe              |    65 |    32 |    11 |     3 ||   111
       Leather armour    |       |       |       |    68 ||    68
Dodge: Dodged            |   110 |    56 |    23 |    83 ||   272
Block: Buckler           |       |       |    17 |   100 ||   117
       Other             |       |       |     1 |       ||     1
       Reflection        |       |       |       |    10 ||    10
